 Dungeon Crawl Stone Soup version 0.30-a0-385-gfebfb9b408 (webtiles) character file.

Game seed: 16863682520812691411

186 p00ps00p the Trooper (level 5, -1/46 (47) HPs)
             Began as a Hill Orc Fighter on Dec 3, 2022.
             Killed by divine providence
             ... invoked by an orc priest
              (12 damage)
             ... on level 3 of the Dungeon.
             The game lasted 00:04:30 (2663 turns).

p00ps00p the Trooper (Hill Orc Fighter)             Turns: 2663, Time: 00:04:30

HP:   -1/46 (47)    AC:  7    Str: 21    XL:     5   Next: 66%
MP:   5/5           EV:  9    Int:  8    God:
Gold: 156           SH:  6    Dex: 10    Spells: 4/4 levels left

rFire   . . .      SeeInvis .    a - +0 war axe
rCold   + . .      Faith    .    c - +2 buckler
rNeg    . . .      Spirit   .    b - +0 scale mail
rPois   .          Reflect  .    (no helmet)
rElec   .          Harm     .    (no cloak)
rCorr   .          Rampage  .    (no gloves)
Will    .....                    (no boots)
Stlth   ..........               j - amulet of the acrobat
HPRegen 0.27/turn                q - ring of protection from cold
MPRegen 0.09/turn                (no ring)

@: lightly drained
A: no striking features
a: Convert to Beogh


You were on level 3 of the Dungeon.
You visited 1 branch of the dungeon, and saw 3 of its levels.
You also visited: Sewer.

You collected 156 gold pieces.

Inventory:

Hand Weapons
 a - a +0 war axe (weapon)
Armour
 b - a +0 scale mail (worn)
 c - a +2 buckler (worn)
Jewellery
 e - a ring of see invisible
 j - an amulet of the acrobat (around neck)
 q - a ring of protection from cold (left hand)
Scrolls
 g - 2 scrolls of torment
 l - 2 scrolls of teleportation
 n - a scroll of immolation
Potions
 d - 4 potions of might
 f - a potion of invisibility {unknown}
 h - 2 potions of magic
 i - a potion of degeneration {unknown}
 k - 2 potions of haste {unknown}
 m - 3 potions of curing
 o - a potion of ambrosia {unknown}
 r - a potion of brilliance {unknown}
 s - a potion of cancellation {unknown}
 t - a potion of heal wounds {unknown}


   Skills:
 + Level 4.9 Fighting
 + Level 4.3 Axes
 + Level 4.3 Armour
 + Level 4.4 Shields


You had 4 spell levels left.
You didn't know any spells.
Your spell library contained the following spells:

 Spells                   Type           Power      Damage    Failure   Level
 Blink                    Tloc           0%         N/A       92%         2
 Momentum Strike          Conj/Tloc      0%         3d8       92%         2
 Lesser Beckoning         Tloc           0%         N/A       99%         3


Dungeon Overview and Level Annotations

Branches:
Dungeon (3/15)              Sewer (visited)

Altars:


Message History

A hobgoblin is nearby!
A hobgoblin is nearby!
The hobgoblin closely misses you.
You slash the hobgoblin!
You kill the hobgoblin!
An orc comes into view. It is wielding a +2 trident of flaming.
A frilled lizard comes into view.
There are monsters nearby!
The frilled lizard hisses angrily.
You hear a shout!
Found a dagger.
An orc priest comes into view. It is wielding a +0 hand axe.
You block the orc's attack.
An orc comes into view. It is wielding a +0 flail.
The orc priest threatens, "By the altar or by the axe, you will meet Beogh!" (press Y on the ability menu to convert to Beogh)
You hit the frilled lizard.
You kill the frilled lizard!
You hit the orc.
The orc priest calls down the wrath of Beogh upon you.
Beogh smites you! The orc hits you but does no damage.
The orc priest looks encouraged for a moment.
The orc closely misses you. You block the orc's attack.
The orc completely misses you. The orc misses you. The orc barely misses you.
The orc attacks as you move away!
The orc hits you with a +2 trident of flaming!
The orc burns you. You block the orc priest's attack.
The orc hits you with a +0 flail. The orc completely misses you.
You barely miss the orc priest. You slash the orc!
The orc priest hits you with a +0 hand axe.
You block the orc's attack. The orc barely misses you.
You closely miss the orc priest. You closely miss the orc.
The orc priest shouts, "Surrender to Beogh and we'll let you live!"
The orc priest hits you with a +0 hand axe.
* * * LOW HITPOINT WARNING * * *
You block the orc's attack. The orc hits you but does no damage.
The orc barely misses you. The orc hits you but does no damage.
The orc priest calls down the wrath of Beogh upon you.
Beogh smites you!
You die...

# #.# #. ######.#
#.#####...##.# # #
#.........##.####.###
##.#..................
#......##.......#..###
#.###.o########.#.....
# ###..#####....#....#
#.o@.......#######.#
#.#o.#####....#....#
#.#..# ####.#.###. .
...# #.#.##.. ## #)##
#...##.. ... #.......
### #.#####. #.# ##
#.#


You could see an orc priest and 2 orcs.

Vanquished Creatures
  A hell rat (Sewer)
  4 adders
  A gnoll (D:1)
  2 river rats (Sewer)
  3 worms
  2 dart slugs (D:2)
  4 orcs (D:3)
  6 bats
  6 endoplasms
  6 giant cockroaches
  5 hobgoblins
  5 jackals (D:2)
  2 ball pythons
  4 frilled lizards
  9 goblins
  10 kobolds
  15 rats
85 creatures vanquished.

Notes
Turn   | Place    | Note
-------+----------+-------------------------------------------
     0 | D:1      | p00ps00p the Hill Orc Fighter began the quest for the Orb.
     0 | D:1      | Reached XP level 1. HP: 19/19 MP: 1/1
    71 | D:1      | Reached XP level 2. HP: 23/27 MP: 2/2
   435 | D:1      | Reached XP level 3. HP: 33/33 MP: 3/3
  1039 | D:2      | Reached XP level 4. HP: 38/40 MP: 4/4
  1987 | D:3      | Reached XP level 5. HP: 47/47 MP: 5/5
  2046 | D:3      | Found a glowing drain.
  2068 | Sewer    | Entered a sewer
  2663 | D:3      | Killed from afar by an orc priest

Illustrated notes

Levels and vault maps discovered:
D:1:      spicycebolla_arrival_xxxplode, layout_loops_cross, minmay_octomino_e4
D:2:      minmay_general_purpose_star, layout_basic, minmay_joined_circles
D:3:      due_chaos_kobolds, layout_loops_ring, portal_sewer_entry_d,
          gammafunk_ghost_cemetery

Skill      XL: |  1  2  3  4 |
---------------+-------------+-----
Axes           | 3 4 |  4.3
Fighting       | 4 |  4.9
Shields        | 4 |  4.4
Armour         | 4 |  4.3

Action                   |  1- 3 |  4- 6 || total
-------------------------+-------+-------++-------
Melee: War axe           |    99 |   160 ||   259
  Use: Scroll            |       |     8 ||     8
Armor: Scale mail        |    55 |    64 ||   119
Dodge: Dodged            |    61 |    92 ||   153
Block: Buckler           |    20 |    70 ||    90

Table legend: (Time is in decaauts)
 A = Elapsed time spent in this place.
 B = Non-inter-level travel time spent in this place.
 C = Inter-level travel time spent in this place.
 D = Time resting spent in this place.
 E = Time spent auto-exploring this place.
 F = Levels seen in this place.
 G = Mean time per level.
                   A        B        C        D        E       F      G
               +--------+--------+--------+--------+--------+-----+--------+
         Total |   2779 |   2717 |     62 |    570 |   1280 |   4 |  694.8 |
       Dungeon |   2287 |   2225 |     62 |    226 |   1264 |   3 |  762.3 |
         Sewer |    491 |    491 |      0 |    344 |     16 |   1 |  491.0 |
               +--------+--------+--------+--------+--------+-----+--------+

Top non-repeatable levels by time:
     D:2: 1259 daAuts
     D:1: 758 daAuts
   Sewer: 491 daAuts
     D:3: 269 daAuts
